 Dungeon Crawl Stone Soup version 0.19.5 (webtiles) character file.

16773 tof the Cruncher (level 12, -7/101 HPs)
             Began as a Minotaur Gladiator on Mar 5, 2017.
             Was a High Priest of Ru.
             Mangled by Rupert
             ... wielding a +2 great mace of holy wrath
              (13 damage)
             ... on level 12 of the Dungeon.
             The game lasted 00:37:17 (14366 turns).

tof the Cruncher (Minotaur Gladiator)              Turns: 14366, Time: 00:37:18

Health: -7/101     AC: 18    Str: 18    XL:     12   Next: 13%
Magic:  11/11      EV: 10    Int:  5    God:    Ru [*****.]
Gold:   797        SH:  3    Dex: 16    Spells: 0 memorised, 11 levels left

rFire  . . .     SeeInvis +     l - +5 quarterstaff (chaos)
rCold  + . .     Gourm    .     r - +0 plate armour
rNeg   . . .     Faith    .     (shield currently unavailable)
rPois  .         Spirit   .     w - +2 hat
rElec  .         Reflect  +     a - +0 cloak
rCorr  .         Harm     .     (no gloves)
MR     +....                    C - +0 pair of boots
Stlth  ..........               j - +3 amulet of reflection
                                A - ring of stealth
                                c - ring of see invisible

@: drained
A: retaliatory headbutt, horns 2, cold resistance 1, frail 1, magic resistance
1, mutation resistance 1, weak 1, inability to use devices, disrupted magic 1
a: Draw Out Power, Power Leap, Apocalypse, Renounce Religion


You were on level 12 of the Dungeon.
You worshipped Ru.
Ru was extremely pleased with you.
You were not hungry.

You visited 1 branch of the dungeon, and saw 12 of its levels.

You collected 797 gold pieces.

Inventory:

Hand Weapons
 l - a +5 quarterstaff of chaos (weapon)
 n - a +0 giant club
Missiles
 d - 3 throwing nets
 v - 20 tomahawks (quivered)
 y - 8 javelins
Armour
 a - a +0 cloak (worn)
 o - a +0 chain mail
 r - a +0 plate armour (worn)
 w - a +2 hat (worn)
 C - a +0 pair of boots (worn)
Jewellery
 c - a ring of see invisible (left hand)
 i - a +2 ring of intelligence
 j - a +3 amulet of reflection (around neck)
 A - a ring of stealth (right hand)
 E - an uncursed ring of protection from cold
 J - a cursed -2 ring of intelligence
 L - an uncursed amulet of harm
Scrolls
 e - 5 scrolls of teleportation
 g - 11 scrolls of identify
 k - 5 scrolls of magic mapping
 m - 4 scrolls of remove curse
 s - a scroll of fog
 u - a scroll of amnesia
Potions
 B - a potion of agility
 D - a potion of magic
 F - 2 potions of lignification
 H - a potion of curing
Books
 h - a book of Frost

   Spells                             Type                      Level
   a - Freeze                         Ice                          1
   b - Throw Frost                    Conjuration/Ice              2
   c - Ozocubu's Armour               Charms/Ice                   3
   d - Throw Icicle                   Conjuration/Ice              4
   e - Summon Ice Beast               Ice/Summoning                4
 I - a book of Conjurations

   Spells                             Type                      Level
   a - Magic Dart                     Conjuration                  1
   b - Searing Ray                    Conjuration                  2
   c - Dazzling Spray                 Conjuration/Hexes            3
   d - Fulminant Prism                Conjuration/Hexes            4
   e - Iskenderun's Mystic Blast      Conjuration                  4
   f - Iskenderun's Battlesphere      Conjuration/Charms           5
Comestibles
 b - 2 royal jellies
 f - 9 bread rations
 p - 2 fruits
 t - 4 meat rations
 x - 4 slices of pizza
 z - 3 beef jerkies


   Skills:
 * Level 12.7(11.5) Fighting
 * Level 12.9(11.7) Staves
 + Level 7.8(6.7) Throwing
 + Level 9.1(8.0) Armour
 + Level 9.0(7.9) Dodging


You had 11 spell levels left.
You didn't know any spells.

Dungeon Overview and Level Annotations

Branches:
Dungeon (12/15)            Temple (0/1) D:6            Lair (0/6) D:11
    Orc (0/2) D:10

Altars:
Ashenzari
Dithmenos
Elyvilon
Gozag
Makhleb
Okawaru
Qazlal
Ru
Sif Muna
Uskayaw
Yredelemnul
The Shining One

Shops:
D:5 }

Annotations:
D:12 Rupert


Innate Abilities, Weirdness & Mutations

You reflexively headbutt those who attack you in melee.
You have a pair of horns on your head.
You are frail. (-10% HP)
You are weak. (Str -2)
You cannot study or use magical devices.
Your casting is slightly disrupted.
Your flesh is cold resistant. (rC+)
You are resistant to hostile enchantments. (MR+)
You are somewhat resistant to further mutation.


Message History

The helpless Rupert fails to defend himself.
You bludgeon Rupert!! You headbutt Rupert, but do no damage.
Rupert is heavily wounded.
The helpless Rupert fails to defend himself.
You sock Rupert!
Rupert is heavily wounded.
The helpless Rupert fails to defend himself.
You sock Rupert!
Nothing appears to happen.
Rupert is heavily wounded.
The helpless Rupert fails to defend himself.
You hit Rupert.
Nothing appears to happen.
Rupert is heavily wounded.
The helpless Rupert fails to defend himself.
You thump Rupert! You headbutt Rupert.
Rupert is heavily wounded.
Rupert is no longer petrified.
You block Rupert's attack.
You hit Rupert.
Rupert is heavily wounded.
Rupert hits you with a great mace of holy wrath!
You die...

#........ ...#
#........ ...
+........ ...
#........ ..
#........ .#
#........ ##.#
###'##### #@.# #..#
####@## ##.##
#.....### #..#
##+##### #.......####
####.### .......#
#.....#....# #|....>#
.......#
#.....####.###......#
.:...).# #.....#
#..........#
.......######.....#
#####.......
..<....'....+.....#
#......#
.......######.....#
#...(..#


You could see Rupert (berserk).

Vanquished Creatures
  Erolcha (D:9)
  Josephine (D:12)
  A centaur warrior (D:11)
  Erica (D:8)
  A death yak (D:11)
  The ghost of Felix the Spear-Bearer, a novice MfSk of Fedhas (D:8)
  An unseen horror (D:11)
  Pikel (D:9)
  A deep elf mage (D:7)
  An ugly thing (D:11)
  An elephant (D:11)
  Joseph (D:7)
  Psyche (D:8)
  2 gargoyles
  A troll (D:12)
  2 two-headed ogres
  A hornet (D:11)
  3 hippogriffs
  Sigmund (D:2)
  A spriggan (D:10)
  14 yaks
  4 wraiths (D:12)
  A human (D:10)
  A hungry ghost (D:10)
  Menkaure (D:5)
  A hell hound (D:8)
  2 water moccasins
  Purgy (D:3)
  5 phantoms
  3 orc warriors (D:10)
  3 ice beasts
  A black bear (D:10)
  A wolf (shapeshifter) (D:11)
  A centaur (D:9)
  2 ogres
  A crocodile (D:11)
  Blork the orc (D:6)
  2 big kobolds
  6 bullfrogs
  4 scorpions
  A water moccasin skeleton (D:4)
  6 killer bees
  9 wights
  8 crimson imps
  2 jellies
  A bullfrog zombie (D:10)
  A centaur zombie (D:10)
  Crazy Yiuf (D:4)
  3 centaur skeletons
  3 hounds
  2 orc priests
  6 orc wizards
  Jessica (D:2)
  4 iguanas
  7 worker ants
  Natasha (D:3)
  A hound skeleton (D:6)
  7 gnolls
  10 adders
  2 shadow imps
  2 adder skeletons
  5 worms
  4 leopard geckos
  51 orcs
  8 bats
  A giant cockroach (D:7)
  10 goblins
  13 hobgoblins
  6 quokkas
  4 frilled lizards
  17 kobolds
  A rat (D:2)
277 creatures vanquished.

Vanquished Creatures (others)
  A deep elf mage (D:10)
  3 slaves (D:9)
  A bullfrog (D:10)
  A hound (D:5)
  An orc wizard (D:10)
  An adder (D:3)
  2 kobolds
10 creatures vanquished.

Grand Total: 287 creatures vanquished

Notes
Turn   | Place    | Note
-------+----------+-------------------------------------------
     0 | D:1      | tof the Minotaur Gladiator began the quest for the Orb.
     0 | D:1      | Reached XP level 1. HP: 18/18 MP: 0/0
   289 | D:1      | Reached XP level 2. HP: 22/25 MP: 1/1
   937 | D:2      | Reached XP level 3. HP: 30/30 MP: 2/2
  1000 | D:2      | Noticed Jessica
  1003 | D:2      | Killed Jessica
  1003 | D:2      | Reached skill level 1 in Armour
  1010 | D:2      | Gained mutation: Your mind is acute. (Int +2) [potion of mutation]
  1010 | D:2      | Lost mutation: Your mind is acute. (Int +2) [potion of mutation]
  1010 | D:2      | Gained mutation: Your flesh is cold resistant. (rC+) [potion of mutation]
  1179 | D:2      | Reached XP level 4. HP: 31/38 MP: 3/3
  1409 | D:2      | Noticed Sigmund
  1735 | D:3      | Gained mutation: You are somewhat resistant to further mutation. [potion of beneficial mutation]
  1751 | D:3      | Reached XP level 5. HP: 22/46 MP: 4/4
  1777 | D:3      | Noticed Purgy
  2039 | D:4      | Reached skill level 5 in Staves
  2489 | D:4      | Reached XP level 6. HP: 45/53 MP: 5/5
  2554 | D:4      | Found a faded altar of an unknown god.
  2554 | D:4      | Found a faded altar of an unknown god.
  2562 | D:4      | Found a faded altar of an unknown god.
  2564 | D:4      | Found a faded altar of an unknown god.
  2565 | D:4      | Found a sacrificial altar of Ru.
  2572 | D:4      | Became a worshipper of Ru the Awakened
  2631 | D:4      | Gained mutation: You are resistant to hostile enchantments. (MR+) [potion of beneficial mutation]
  2687 | D:4      | Found an opulent altar of Gozag.
  2955 | D:4      | Found a runed door.
  2959 | D:4      | Noticed Crazy Yiuf
  2972 | D:4      | Killed Crazy Yiuf
  3580 | D:5      | Entered Level 5 of the Dungeon
  3631 | D:5      | Noticed Menkaure
  3642 | D:5      | Killed Menkaure
  3642 | D:5      | Reached skill level 5 in Fighting
  3642 | D:5      | Reached XP level 7. HP: 15/61 MP: 6/6
  4016 | D:5      | Found Deuthrext's Gadget Shoppe.
  4464 | D:5      | Reached skill level 5 in Dodging
  4853 | D:6      | Reached XP level 8. HP: 28/71 MP: 7/7
  5277 | D:6      | Gained mutation: You are frail. (-10% HP) [Ru sacrifice]
  5277 | D:6      | Reached * piety under Ru
  5369 | D:6      | Found a glowing golden altar of the Shining One.
  5425 | D:6      | Noticed Blork the orc
  5435 | D:6      | Killed Blork the orc
  5438 | D:6      | Found an iron altar of Okawaru.
  5675 | D:6      | Found a staircase to the Ecumenical Temple.
  5754 | D:6      | Found a burning altar of Makhleb.
  6184 | D:7      | Noticed Joseph
  6203 | D:7      | Killed Joseph
  6563 | D:7      | Found a basalt altar of Yredelemnul.
  6631 | D:7      | Found a shadowy altar of Dithmenos.
  6700 | D:7      | Noticed a deep elf mage
  6709 | D:7      | Killed a deep elf mage
  6709 | D:7      | Reached skill level 5 in Throwing
  6709 | D:7      | Reached skill level 5 in Armour
  6709 | D:7      | Reached XP level 9. HP: 6/72 MP: 8/8
  7191 | D:3      | Found a shattered altar of Ashenzari.
  7375 | D:3      | Killed Purgy
  7522 | D:3      | Noticed Natasha
  7526 | D:3      | Killed Natasha
  7557 | D:3      | Found a stormy altar of Qazlal.
  7899 | D:2      | Gained mutation: You cannot study or use magical devices. [Ru sacrifice]
  7899 | D:2      | Reached ** piety under Ru
  7899 | D:2      | Reached *** piety under Ru
  7899 | D:2      | Reached **** piety under Ru
  8253 | D:2      | Killed Sigmund
  8552 | D:8      | Noticed Psyche
  8562 | D:8      | Killed Psyche
  8565 | D:8      | Noticed Erica
  8577 | D:8      | Killed Erica
  8680 | D:8      | HP: 2/75 [two-headed ogre/giant spiked club (10)]
  9034 | D:7      | Reached XP level 10. HP: 70/82 MP: 9/9
  9231 | D:8      | Reached skill level 10 in Staves
  9321 | D:8      | Noticed Felix's ghost (novice MfSk)
  9437 | D:8      | Killed Felix's ghost
  9437 | D:8      | Reached skill level 10 in Fighting
  9716 | D:8      | Found a white marble altar of Elyvilon.
 10019 | D:9      | Found a deep blue altar of Sif Muna.
 10053 | D:9      | Noticed a dagger
 10054 | D:9      | Noticed a dagger
 10055 | D:9      | Found a hide-covered altar of Uskayaw.
 10138 | D:9      | Noticed Pikel
 10150 | D:9      | Killed Pikel
 10256 | D:9      | Noticed Erolcha
 10271 | D:9      | Killed Erolcha
 10368 | D:9      | Noticed a gargoyle
 10581 | D:9      | Killed a gargoyle
 10793 | D:9      | Found an opulent altar of Gozag.
 10869 | D:9      | Gained mutation: You are weak. (Str -2) [Ru sacrifice]
 11057 | D:10     | Entered Level 10 of the Dungeon
 11099 | D:10     | Noticed a deep elf mage
 11104 | D:10     | Noticed a gargoyle
 11132 | D:10     | Killed a gargoyle
 11132 | D:10     | Reached XP level 11. HP: 29/91 MP: 10/10
 11152 | D:10     | Killed a deep elf mage
 12131 | D:10     | Found a staircase to the Orcish Mines.
 12690 | D:11     | Noticed a purple ugly thing
 12705 | D:11     | Killed a purple ugly thing
 12731 | D:11     | Paralysed by a hornet for 1 turns
 12983 | D:11     | Gained mutation: Your casting is slightly disrupted. [Ru sacrifice]
 12983 | D:11     | Reached ***** piety under Ru
 13092 | D:11     | Noticed a death yak
 13106 | D:11     | Killed a death yak
 13290 | D:11     | Found a staircase to the Lair.
 13311 | D:11     | Noticed an unseen horror
 13327 | D:11     | Killed an unseen horror
 13475 | D:11     | Noticed a centaur warrior
 13616 | D:11     | Killed a centaur warrior
 14030 | D:12     | Reached XP level 12. HP: 95/101 MP: 11/11
 14039 | D:12     | Noticed Josephine
 14046 | D:12     | Killed Josephine
 14348 | D:12     | Noticed Rupert
 14357 | D:12     | HP: 4/101 [Rupert/great mace of holy wrath (18)]
 14366 | D:12     | Mangled by Rupert

Skill      XL: |  1  2  3  4  5  6  7  8  9 10 11 12 |
---------------+-------------------------------------+-----
Fighting       | 3 4 5 6 8 9 11 12 | 12.7
Staves         | 4 5 6 8 9 11 12 | 12.9
Armour         | 1 2 3 5 6 7 9 |  9.1
Dodging        | 4 5 6 7 8 9 |  9.0
Throwing       | 3 4 5 6 7 |  7.8

Action                   |  1- 3 |  4- 6 |  7- 9 | 10-12 || total
-------------------------+-------+-------+-------+-------++-------
Melee: Quarterstaff      |    79 |    81 |   245 |   511 ||   916
       Headbutt          |     7 |    17 |    44 |   131 ||   199
Invok: Sacrifice Health  |       |       |     1 |       ||     1
       Sacrifice Artific |       |       |     1 |       ||     1
       Sacrifice Purity  |       |       |       |     1 ||     1
       Sacrifice Essence |       |       |       |     1 ||     1
  Use: Potion            |     3 |     7 |     4 |     3 ||    17
       Scroll            |       |       |       |    14 ||    14
 Stab: Invisible         |       |       |     1 |     3 ||     4
       Petrified         |       |       |     8 |    10 ||    18
       Paralysed         |       |       |       |     4 ||     4
       Petrifying        |       |       |       |     4 ||     4
       Confused          |       |       |       |     5 ||     5
       Distracted        |       |       |       |     1 ||     1
  Eat: Chunk             |     1 |     4 |    15 |    19 ||    39
       Beef jerky        |       |     2 |     1 |       ||     3
       Fruit             |       |       |     1 |     1 ||     2
Armor: Leather armour    |    14 |       |       |       ||    14
       Chain mail        |    19 |    34 |    84 |    78 ||   215
       Plate armour      |       |       |       |    81 ||    81
Dodge: Dodged            |    25 |    40 |   112 |   157 ||   334
Block: Other             |       |       |    11 |    38 ||    49
       Reflection        |       |       |       |     5 ||     5
